SAAA
JERSEY CITY SUN CAPS @ ALLOWAY HALBERDS
07/20/2021
 
TOP OF THE 1ST
Jersey City Sun Caps batting - Pitching for Alloway Halberds : RHP Armando Delvalle
Pitching: RHP Armando Delvalle
Batting: RHB Luis Rodríguez 0-0: Called Strike
0-1: Ground out 4-3 (Groundball, 4)
Batting: RHB Jonah Moody 0-0: Fly out, F6 (Popup, 56D)
Batting: LHB Miguel Martínez 0-0: Ball
1-0: SINGLE (Groundball, 4MD)
Batting: LHB Marlon Randall 0-0: Swinging Strike
0-1: Ball
1-1: Ball
2-1: Foul Ball, location: 2F
2-2: Ball
3-2: SINGLE (Groundball, 4)
Miguel Martínez to second
Miguel Martínez to third
Batting: RHB Tony Quintana 0-0: Ball
1-0: Ball
2-0: Foul Ball, location: 2F
2-1: Ball
3-1: Foul Ball, location: 2F
3-2: Ground out 6-3 (Groundball, 6)
Top of the 1st over - 0 run(s), 2 hit(s), 0 error(s), 2 left on base; Jersey City 0 - Alloway 0
BOTTOM OF THE 1ST
Alloway Halberds batting - Pitching for Jersey City Sun Caps : RHP Jim Unknown
Pitching: RHP Jim Unknown
Batting: RHB Orlando López 0-0: Ground out 6-3 (Groundball, 6)
Batting: SHB Neil Ladner 0-0: Ball
1-0: SINGLE (Groundball, 34D)
Batting: RHB Scotty Anderson 0-0: Ball
1-0: Fly out, F8 (Flyball, 8RS)
Batting: RHB Jonathan Cundall 0-0: Ball
Pickoff Throw to First - Out!
Bottom of the 1st over - 0 run(s), 1 hit(s), 0 error(s), 0 left on base; Jersey City 0 - Alloway 0
TOP OF THE 2ND
Jersey City Sun Caps batting - Pitching for Alloway Halberds : RHP Armando Delvalle
Batting: RHB Roy Williams 0-0: Fly out, F8 (Flyball, 8RM)
Batting: RHB Christian O'Dell 0-0: Ball
1-0: Ball
2-0: Swinging Strike
2-1: Ball
3-1: Foul Ball, location: 2F
3-2: Foul Ball, location: 2F
3-2: Foul Ball, location: 2F
3-2: Foul Ball, location: 2F
3-2: SINGLE (Line Drive, 56)
Batting: RHB Chris Lowe 0-0: Fly out, F4 (Popup, 4MD)
Batting: SHB Dominique Prost 0-0: Foul Ball, location: 2F
0-1: Fly out, F8 (Flyball, 8LM)
Top of the 2nd over - 0 run(s), 1 hit(s), 0 error(s), 1 left on base; Jersey City 0 - Alloway 0
BOTTOM OF THE 2ND
Alloway Halberds batting - Pitching for Jersey City Sun Caps : RHP Jim Unknown
Batting: RHB Jonathan Cundall 0-0: Ball
1-0: Ball
2-0: Called Strike
2-1: Fly out, F2 (Popup, 2RF)
Batting: LHB Jim Unknown 0-0: Fly out, F7 (Flyball, 7M)
Batting: LHB Francisco Rivas 0-0: Swinging Strike
0-1: Called Strike
0-2: Ball
1-2: SINGLE (Groundball, 6MD)
Batting: RHB Juan Martínez 0-0: Called Strike
0-1: SINGLE (Line Drive, 7LM)
Francisco Rivas to second
Batting: SHB Ron Peterson 0-0: Ball
1-0: Fly out, F8 (Flyball, 8RM)
Bottom of the 2nd over - 0 run(s), 2 hit(s), 0 error(s), 2 left on base; Jersey City 0 - Alloway 0
TOP OF THE 3RD
Jersey City Sun Caps batting - Pitching for Alloway Halberds : RHP Armando Delvalle
Batting: RHB Luis Rodríguez 0-0: Called Strike
0-1: Swinging Strike
0-2: Strikes out swinging
Batting: RHB Jonah Moody 0-0: Ball
1-0: Called Strike
1-1: Fly out, F8 (Line Drive, 8RM)
Batting: LHB Miguel Martínez 0-0: Ball
1-0: Foul Ball, location: 2F
1-1: Ground out 5-3 (Groundball, 56)
Top of the 3rd over - 0 run(s), 0 hit(s), 0 error(s), 0 left on base; Jersey City 0 - Alloway 0
BOTTOM OF THE 3RD
Alloway Halberds batting - Pitching for Jersey City Sun Caps : RHP Jim Unknown
Batting: RHB Mike Davis 0-0: Swinging Strike
0-1: Ground out 6-3 (Groundball, 56)
Batting: RHB Orlando López 0-0: Called Strike
0-1: Ball
1-1: Ground out 5-3 (Groundball, 5)
Batting: SHB Neil Ladner 0-0: Ball
1-0: Ball
2-0: Ball
3-0: Base on Balls
Batting: RHB Scotty Anderson 0-0: Ball
Neil Ladner steals 2nd base
1-0: Ball
2-0: Fly out, F6 (Popup, 5D)
Bottom of the 3rd over - 0 run(s), 0 hit(s), 0 error(s), 1 left on base; Jersey City 0 - Alloway 0
TOP OF THE 4TH
Jersey City Sun Caps batting - Pitching for Alloway Halberds : RHP Armando Delvalle
Batting: LHB Marlon Randall 0-0: Called Strike
0-1: Ball
1-1: Foul Ball, location: 2F
1-2: Ball
2-2: Ball
3-2: Foul Ball, location: 2F
3-2: Base on Balls
Batting: RHB Tony Quintana 0-0: Ball
1-0: Foul Ball, location: 2F
1-1: Ball
2-1: Called Strike
2-2: Ball
3-2: Foul Ball, location: 2F
3-2: Grounds into double play, 6-4-3 (Groundball, 6)
Batting: RHB Roy Williams 0-0: Foul Ball, location: 2F
0-1: Ball
1-1: Called Strike
1-2: Foul Ball, location: 2F
1-2: Strikes out swinging
Top of the 4th over - 0 run(s), 0 hit(s), 0 error(s), 0 left on base; Jersey City 0 - Alloway 0
BOTTOM OF THE 4TH
Alloway Halberds batting - Pitching for Jersey City Sun Caps : RHP Jim Unknown
Batting: RHB Jonathan Cundall 0-0: Ball
1-0: Ground out 4-3 (Groundball, 34)
Batting: LHB Jim Unknown 0-0: Called Strike
0-1: Ball
1-1: Called Strike
1-2: Foul Ball, location: 2F
1-2: Ball
2-2: Ball
3-2: Fly out, F8 (Flyball, 8LS)
Batting: LHB Francisco Rivas 0-0: Foul Ball, location: 2F
0-1: SINGLE (Groundball, 4MD)
Batting: RHB Juan Martínez 0-0: Called Strike
0-1: Ball
1-1: Ball
2-1: Fly out, F9 (Flyball, 89D)
Bottom of the 4th over - 0 run(s), 1 hit(s), 0 error(s), 1 left on base; Jersey City 0 - Alloway 0
TOP OF THE 5TH
Jersey City Sun Caps batting - Pitching for Alloway Halberds : RHP Armando Delvalle
Batting: RHB Christian O'Dell 0-0: Ground out 4-3 (Groundball, 4)
Batting: RHB Chris Lowe 0-0: Called Strike
0-1: Swinging Strike
0-2: SINGLE (Line Drive, 5)
Batting: SHB Dominique Prost 0-0: Ball
1-0: Called Strike
Chris Lowe is caught stealing 2nd base
1-1: Foul Ball, location: 2F
1-2: Foul Ball, location: 2F
1-2: Ball
2-2: Fly out, F7 (Flyball, 7M)
Top of the 5th over - 0 run(s), 1 hit(s), 0 error(s), 0 left on base; Jersey City 0 - Alloway 0
BOTTOM OF THE 5TH
Alloway Halberds batting - Pitching for Jersey City Sun Caps : RHP Jim Unknown
Batting: SHB Ron Peterson 0-0: Ball
1-0: DOUBLE (Line Drive, 7LM)
Batting: RHB Mike Davis 0-0: Ball
1-0: Called Strike
1-1: Ball
2-1: SINGLE (Line Drive, 6MD)
Ron Peterson to third
Runner from 3rd tries for Home, SAFE, no throw or cutoff
Batting: RHB Orlando López 0-0: Ball
Mike Davis is caught stealing 2nd base
1-0: Swinging Strike
1-1: Ball
2-1: Foul Ball, location: 2F
2-2: Strikes out swinging
Batting: SHB Neil Ladner 0-0: Ball
1-0: Ball
2-0: Ball
3-0: Called Strike
3-1: Base on Balls
Batting: RHB Scotty Anderson 0-0: Ball
1-0: SINGLE (Groundball, 6MD)
Neil Ladner to second
Batting: RHB Jonathan Cundall 0-0: Called Strike
0-1: Ball
1-1: Foul Ball, location: 2F
1-2: SINGLE (Line Drive, 56)
Neil Ladner to third
Scotty Anderson to second
Runner from 3rd tries for Home, SAFE, no throw or cutoff
Batting: LHB Jim Unknown 0-0: Ball
1-0: Ball
2-0: Called Strike
2-1: Reached on error, E4 (Groundball, 4)
Scotty Anderson scores
Jonathan Cundall to third
Batting: LHB Francisco Rivas 0-0: Ball
1-0: SINGLE (Groundball, 25) (infield hit)
Jonathan Cundall scores
Jim Unknown to third
Batting: RHB Juan Martínez 0-0: Called Strike
0-1: Fly out, F4 (Line Drive, 4)
Bottom of the 5th over - 4 run(s), 5 hit(s), 1 error(s), 2 left on base; Jersey City 0 - Alloway 4
TOP OF THE 6TH
Jersey City Sun Caps batting - Pitching for Alloway Halberds : RHP Armando Delvalle
Batting: RHB Luis Rodríguez 0-0: SINGLE (Line Drive, 89S)
Batting: RHB Jonah Moody 0-0: Called Strike
0-1: Ball
1-1: Ball
2-1: Fly out, F9 (Flyball, 89D)
Runner from 1st tags up, SAFE at 2nd
Batting: LHB Miguel Martínez 0-0: Swinging Strike
0-1: Ball
1-1: SINGLE (Groundball, 15S) (infield hit)
Luis Rodríguez to third
Batting: LHB Marlon Randall 0-0: SINGLE (Flyball, 78S)
Luis Rodríguez scores
Miguel Martínez to second
Batting: RHB Tony Quintana 0-0: Ball
1-0: 3-RUN HOME RUN (Flyball, 7LD), Distance : 349 ft
Batting: RHB Roy Williams 0-0: Ball
1-0: Ball
2-0: Called Strike
2-1: Called Strike
2-2: Ball
3-2: Base on Balls
Batting: RHB Christian O'Dell 0-0: Swinging Strike
0-1: Called Strike
0-2: Foul Ball, location: 2F
0-2: Ball
1-2: Grounds into double play, 5-4-3 (Groundball, 5L)
Top of the 6th over - 4 run(s), 4 hit(s), 0 error(s), 0 left on base; Jersey City 4 - Alloway 4
BOTTOM OF THE 6TH
Alloway Halberds batting - Pitching for Jersey City Sun Caps : RHP Jim Unknown
Batting: SHB Ron Peterson 0-0: Foul Ball, location: 2F
0-1: Ground out 5-3 (Groundball, 5)
Batting: RHB Mike Davis 0-0: Foul Ball, location: 2F
0-1: Ball
1-1: Ball
2-1: Foul Ball, location: 2F
2-2: Foul Ball, location: 2F
2-2: Ball
3-2: Base on Balls
Batting: RHB Orlando López 0-0: Called Strike
0-1: Swinging Strike
0-2: Ball
1-2: Ball
Mike Davis steals 2nd base
2-2: Strikes out looking
Batting: SHB Neil Ladner 0-0: Foul Ball, location: 2F
0-1: Foul Ball, location: 2F
0-2: Ball
1-2: Strikes out swinging
Bottom of the 6th over - 0 run(s), 0 hit(s), 0 error(s), 1 left on base; Jersey City 4 - Alloway 4
TOP OF THE 7TH
Jersey City Sun Caps batting - Pitching for Alloway Halberds : RHP Armando Delvalle
Batting: RHB Chris Lowe 0-0: Called Strike
0-1: Called Strike
0-2: Ball
1-2: Ground out 5-3 (Groundball, 56)
Batting: SHB Dominique Prost 0-0: Called Strike
0-1: Ball
1-1: Fly out, F4 (Popup, 34)
Batting: RHB Luis Rodríguez 0-0: Called Strike
0-1: SINGLE (Groundball, 34D) (infield hit)
Pitching: RHP Manuel Reyes
Pinch Hitting: LHB Jesús Pérez 0-0: Called Strike
0-1: Swinging Strike
0-2: SINGLE (Line Drive, 4M)
Luis Rodríguez to second
Runner from 2nd tries for 3rd, SAFE, throw made to third
Jesús Pérez to second
Batting: LHB Miguel Martínez 0-0: Fly out, F7 (Popup, 6D)
Top of the 7th over - 0 run(s), 2 hit(s), 0 error(s), 2 left on base; Jersey City 4 - Alloway 4
BOTTOM OF THE 7TH
Alloway Halberds batting - Pitching for Jersey City Sun Caps : RHP Jim Unknown
Now at SS: Harry Reynolds
Batting: RHB Scotty Anderson 0-0: Ball
1-0: SINGLE (Groundball, 4MD)
Pinch Hitting: LHB Luis Gutiérrez 0-0: Foul Ball, location: 2F
0-1: Ball
1-1: Swinging Strike
1-2: Fly out, F8 (Flyball, 8RM)
Pinch Hitting: LHB Mark Crawford 0-0: Called Strike
0-1: Foul Ball, location: 2F
0-2: Ball
1-2: Foul Ball, location: 2F
1-2: Fielders Choice at 2nd, 3-6 (Groundball, 3)
Batting: LHB Francisco Rivas 0-0: Ball
1-0: Ground out 4-3 (Groundball, 34)
Bottom of the 7th over - 0 run(s), 1 hit(s), 0 error(s), 1 left on base; Jersey City 4 - Alloway 4
TOP OF THE 8TH
Jersey City Sun Caps batting - Pitching for Alloway Halberds : RHP Manuel Reyes
Now in LF: Mark Crawford
Now in RF: Will Sherman
Batting: LHB Marlon Randall 0-0: Foul Ball, location: 2F
0-1: Ball
1-1: Foul Ball, location: 2F
1-2: Ball
2-2: Ball
3-2: Foul Ball, location: 2F
3-2: Base on Balls
Pinch Runner at 1st John Robertson:
Batting: RHB Tony Quintana 0-0: Ball
1-0: Called Strike
1-1: SINGLE (Groundball, 56D)
John Robertson to second
Batting: RHB Roy Williams 0-0: Ball
1-0: Swinging Strike
1-1: Ball
2-1: Foul Ball, location: 2F
2-2: Strikes out swinging
Batting: RHB Christian O'Dell 0-0: Ball
1-0: SINGLE (Flyball, 8RS)
John Robertson to third
Tony Quintana to second
Runner from 3rd tries for Home, SAFE, no throw or cutoff
Batting: RHB Chris Lowe 0-0: Swinging Strike
0-1: Swinging Strike
0-2: Ball
1-2: Strikes out swinging
Batting: SHB Dominique Prost 0-0: Ball
1-0: Ball
2-0: Ball
3-0: Called Strike
3-1: Base on Balls
Tony Quintana to third
Christian O'Dell to second
Batting: RHB Luis Rodríguez 0-0: Called Strike
0-1: Foul Ball, location: 2F
0-2: Ball
1-2: Ball
2-2: Ball
3-2: Ground out 6-3 (Groundball, 6)
Top of the 8th over - 1 run(s), 2 hit(s), 0 error(s), 3 left on base; Jersey City 5 - Alloway 4
BOTTOM OF THE 8TH
Alloway Halberds batting - Pitching for Jersey City Sun Caps : RHP Jim Unknown
Now in LF: John Robertson
Batting: RHB Juan Martínez 0-0: Ball
1-0: Swinging Strike
1-1: Ball
2-1: Called Strike
2-2: Ball
3-2: SINGLE (Groundball, 13) (infield hit)
Batting: SHB Ron Peterson 0-0: Foul Ball, location: 2F
0-1: Called Strike
0-2: Ball
1-2: Grounds out, U3 (Groundball, 3L)
Pinch Hitting: RHB Tracy Larson 0-0: Ball
1-0: Foul Ball, location: 2F
1-1: Fly out, F5 (Popup, 25F)
Batting: RHB Orlando López 0-0: Ground out 5-3 (Groundball, 5S)
Bottom of the 8th over - 0 run(s), 1 hit(s), 0 error(s), 1 left on base; Jersey City 5 - Alloway 4
TOP OF THE 9TH
Jersey City Sun Caps batting - Pitching for Alloway Halberds : RHP Manuel Reyes
Pitching: RHP Jim Unknown
Now at SS: Tracy Larson
Batting: RHB Harry Reynolds 0-0: Ball
1-0: Fly out, F8 (Line Drive, 8RD)
Batting: LHB Miguel Martínez 0-0: Fly out, F7 (Flyball, 78M)
Batting: LHB John Robertson 0-0: Ball
1-0: Swinging Strike
1-1: Swinging Strike
1-2: Ground out 4-3 (Groundball, 4)
Top of the 9th over - 0 run(s), 0 hit(s), 0 error(s), 0 left on base; Jersey City 5 - Alloway 4
BOTTOM OF THE 9TH
Alloway Halberds batting - Pitching for Jersey City Sun Caps : RHP Jim Unknown
Batting: SHB Neil Ladner 0-0: Swinging Strike
0-1: Ball
1-1: Called Strike
1-2: Ground out 4-3 (Groundball, 4S)
Batting: RHB Scotty Anderson 0-0: Ball
1-0: Called Strike
1-1: DOUBLE (Line Drive, 7LS)
Pitching: RHP Elio Maini
Batting: LHB Will Sherman 0-0: DOUBLE (Line Drive, 7LS)
Scotty Anderson scores
Batting: LHB Mark Crawford 0-0: Intentional Walk
Batting: LHB Francisco Rivas 0-0: Ball
1-0: Ball
2-0: SINGLE (Line Drive, 4M)
Will Sherman to third
Mark Crawford to second
Runner from 3rd tries for Home, SAFE, no throw or cutoff
This league is powered by Out of the Park Baseball, the baseball management simulation game for PC, Mac and Linux
Friday, January 22nd, 2016 - OOTP Baseball 16.9 Build 39